 Dungeon Crawl Stone Soup version 0.18-a0-1800-gdc7a371 (webtiles) character file.

152 eljoo the Sneak (level 5, -5/35 HPs)
             Began as a Formicid Earth Elementalist on Feb 16, 2016.
             Slain by a water moccasin (7 damage)
             ... on level 4 of the Dungeon on Apr 24, 2016.
             The game lasted 00:24:23 (3262 turns).

eljoo the Sneak (Formicid Earth Elementalist)       Turns: 3262, Time: 00:24:24

Health: -5/35      AC:  3    Str: 15    XL:     5   Next: 60%
Magic:  12/19      EV:  7    Int: 15    God:
Gold:   126        SH:  0    Dex: 11    Spells: 3 memorised, 1 level left

rFire  . . .     SeeInvis +     o - -1 halberd (curse)
rCold  . . .     Gourm    .     h - +1 robe
rNeg   . . .     Faith    .     (no shield)
rPois  .         Spirit   .     (helmet unavailable)
rElec  .         Dismiss  .     (no cloak)
rCorr  .         Reflect  .     (no gloves)
SustAt .         Harm     .     (no boots)
MR     .....                    (no amulet)
Stlth  +++.......               j - +2 ring of strength
                                k - ring of magical power

@: not resistant to hostile enchantments, fairly stealthy
A: permanent stasis, dig shafts and tunnels, four strong arms, antennae 3
a: Dig, Shaft Self


You were on level 4 of the Dungeon.
You were not hungry.

You visited 1 branch of the dungeon, and saw 4 of its levels.

You collected 126 gold pieces.

Inventory:

Hand Weapons
 a - a +0 whip
 o - a cursed -1 halberd (weapon)
 s - a +1 mace of protection
Missiles
 b - 101 stones (quivered)
Armour
 h - a +1 robe (worn)
Jewellery
 j - a +2 ring of strength (right hand)
 k - a ring of magical power (left hand)
 t - an uncursed ring of positive energy {unknown}
Scrolls
 f - 5 scrolls of identify
 n - a scroll of fog
Potions
 e - 3 potions of curing
 g - 2 potions of agility
 l - 2 potions of brilliance {unknown}
 m - a potion of heal wounds {unknown}
 p - a potion of magic {unknown}
 r - a potion of lignification {unknown}
Books
 c - a book of Geomancy

   Spells                             Type                      Level
   a - Sandblast                      Earth                        1
   b - Passwall                       Transmutation/Earth          2
   c - Stone Arrow                    Conjuration/Earth            3
   d - Petrify                        Transmutation/Earth          4
   e - Lee's Rapid Deconstruction     Earth                        5
Comestibles
 d - 3 bread rations
 i - 4 fruits
 q - 2 slices of pizza
 u - a meat ration
 v - a chunk of flesh


   Skills:
 - Level 1.9 Dodging
 * Level 4.5 Stealth
 + Level 3.7 Spellcasting
 + Level 1.5 Transmutations
 + Level 4.4 Earth Magic


You had one spell level left.
You knew the following spells:

 Your Spells              Type           Power        Failure   Level  Hunger
a - Sandblast             Erth           ###...       3%          1    None
b - Petrify               Trmt/Erth      ##......     67%         4    ####...
c - Lee's Rapid Deconstr  Erth           ###.......   87%         5    ######.


Dungeon Overview and Level Annotations

Branches:
Dungeon (4/15)             Temple (0/1) D:4

Altars:

Annotations:
D:2 Crazy Yiuf


Innate Abilities, Weirdness & Mutations

You are under a permanent stasis effect.
You can dig through walls and to a lower floor.
Your four strong arms can wield two-handed weapons with a shield.
You have a pair of large antennae on your head (SInv).


Message History

The water moccasin hisses angrily.
Found a stone staircase leading down.
You start resting.
Eating one of 2 chunks of flesh.
This raw flesh tastes terrible.
You sense a monster nearby.
You continue eating. x2
The water moccasin misses you. The dart slug launches a dart at you.
The slug dart misses you. The water moccasin barely misses you.
The dart slug launches a dart at you. The slug dart hits you!
The water moccasin barely misses you. The water moccasin bites you!
* * * LOW HITPOINT WARNING * * *
Found 18 arrows.
There is a staircase to the Ecumenical Temple here.
You can't go up here!
The water moccasin bites you.
* * * LOW HITPOINT WARNING * * *
The water moccasin bites you!
You die...

........#......#
..........#......#
.................#####
....................# .
#........#.#.#.#.#.#
..##..................#
..>........#.......#.##
#........w..........#
##........#..S@...#..#
+....................# .
##...##...#.......#..#
..##...##..............#
............#.#.#.#.#.(#
..##...................#
####......(........#...#
.........)............##
...................


You could see a water moccasin and a dart slug.

Vanquished Creatures
  A worker ant (D:3)
  A gnoll (D:1)
  4 adders (D:3)
  2 oozes
  2 worms
  A dart slug (D:2)
  A giant gecko (D:1)
  5 orcs
  3 giant cockroaches
  6 goblins
  6 hobgoblins
  2 jackals (D:1)
  7 kobolds
  11 bats
  8 giant newts
  2 rats
62 creatures vanquished.

Notes
Turn   | Place    | Note
--------------------------------------------------------------
     0 | D:1      | eljoo the Formicid Earth Elementalist began the quest for the Orb.
     0 | D:1      | Reached XP level 1. HP: 13/13 MP: 3/3
    26 | D:1      | Upgraded the game from 0.18-a0-1343-g48c8f86 to 0.18-a0-1800-gdc7a371
   143 | D:1      | Reached XP level 2. HP: 17/19 MP: 0/5
   570 | D:1      | Reached XP level 3. HP: 14/24 MP: 2/6
  1301 | D:2      | Reached XP level 4. HP: 24/30 MP: 8/8
  1745 | D:2      | Noticed Crazy Yiuf
  2105 | D:3      | Reached XP level 5. HP: 18/35 MP: 10/10
  2299 | D:3      | Learned a level 4 spell: Petrify
  2305 | D:3      | Learned a level 5 spell: Lee's Rapid Deconstruction
  3218 | D:4      | Found a staircase to the Ecumenical Temple.
  3243 | D:4      | Noticed a water moccasin
  3262 | D:4      | Slain by a water moccasin

Vault maps used:
D:1:      dpeg_arrival_chase
D:2:      first_bread, uniq_crazy_yiuf_cottage
D:3:      kennysheep_generic_room_3
D:4:      kennysheep_little_box, grunt_qazlal_sundering,
          evilmike_ruin_ashenzari, minmay_temple_entry_glass

Skill      XL: |  1  2  3  4 |
---------------+-------------+-----
Earth Magic    | 4 |  4.4
Stealth        | 3 4 |  4.5
Spellcasting   | 3 |  3.7
Dodging        | |  1.9
Transmutations | |  1.5

Action                   |  1- 3 |  4- 6 || total
-------------------------+-------+-------++-------
Melee: Unarmed           |     2 |       ||     2
       Halberd           |    13 |    14 ||    27
 Cast: Sandblast         |    57 |   124 ||   181
       Sandblast         |     1 |       ||     1
  Use: Scroll            |     3 |     6 ||     9
 Stab: Sleeping          |     5 |     8 ||    13
  Eat: Chunk             |     2 |     6 ||     8
Armor: Robe              |    33 |    23 ||    56
Dodge: Dodged            |    64 |    76 ||   140
